 Dungeon Crawl Stone Soup version 0.23.1-37-gaa34b87 (webtiles) character file.

Game seed: 3417654842711198097

12755 snowfan the Thaumaturge (level 11, -11/78 HPs)
             Began as a Mummy Air Elementalist on Mar 23, 2019.
             Was an Elder of Vehumet.
             Mangled by a sun demon (18 damage)
             ... in a volcano on Mar 24, 2019.
             The game lasted 01:52:31 (21131 turns).

snowfan the Thaumaturge (Mummy Air Elementalist)   Turns: 21131, Time: 01:52:32

Health: -11/78     AC: 13    Str: 17    XL:     11   Next: 66%
Magic:  3/25       EV: 11    Int: 25    God:    Vehumet [****..]
Gold:   789        SH:  0    Dex: 12    Spells: 7/31 levels left

rFire    . . .     SeeInvis +   A - +6 flail of the Fray {speed, *Rage Str+4 Int+6}
rCold    + . .     Gourm    .   (no shield)
rNeg     + + +     Faith    .   p - +1 leather armour {rF+}
rPois    ∞         Spirit   .   B - +2 hat {SInv}
rElec    .         Reflect  .   u - +2 cloak
rCorr    .         Harm     .   e - +1 pair of gloves
MR       +....                  z - +1 pair of boots
Stlth    ++........             s - amulet of regeneration
HPRegen  0.63/turn              x - +2 ring of intelligence
MPRegen  0.19/turn              l - ring of stealth

@: very slightly contaminated
A: no food or potions, fire vulnerability, cold resistance 1, negative energy
resistance 3, torment resistance, unbreathing
a: Renounce Religion


You were in a volcano.
You worshipped Vehumet.
Vehumet was greatly pleased with you.
You were not hungry.

You visited 3 branches of the dungeon, and saw 13 of its levels.
You also visited: Volcano.

You collected 789 gold pieces.

Inventory:

Hand Weapons
 A - the +6 flail of the Fray (weapon) {speed, *Rage Str+4 Int+6}
   (You found it on level 7 of the Dungeon)

   Attacks with this weapon are significantly faster.
   It affects your strength (+4).
   It affects your intelligence (+6).
   It may make you go berserk in combat.
 G - the +6 short sword "Raint" {venom, *Drain +Blink +Fly Str+4}
   (You took it off an orc on level 10 of the Dungeon)

   It poisons the flesh of those it strikes.
   It affects your strength (+4).
   It lets you fly.
   It lets you blink.
   It causes draining when unequipped.
Missiles
 f - 60 sling bullets
 o - 272 stones (quivered)
Armour
 e - a +1 pair of gloves (worn)
 m - a +2 robe
 p - a +1 leather armour of fire resistance (worn)
 q - a +1 ring mail of magic resistance
 u - a +2 cloak (worn)
 w - a +0 buckler
 z - a +1 pair of boots (worn)
 B - a +2 hat of see invisible (worn)
Jewellery
 i - an uncursed ring of resist corrosion
 k - an uncursed ring of flight
 l - a ring of stealth (right hand)
 n - an uncursed ring of teleportation
 s - an amulet of regeneration (around neck)
 x - a +2 ring of intelligence (left hand)
Wands
 a - a wand of paralysis (10)
 b - a wand of clouds (5)
 c - a wand of iceblast (9)
 g - a wand of acid (10)
 v - a wand of polymorph (13)
 F - a wand of flame (11)
Scrolls
 d - 8 scrolls of identify
 h - 3 scrolls of amnesia
 j - a scroll of enchant armour
 r - a scroll of brand weapon
 y - 2 scrolls of magic mapping
 E - 3 scrolls of remove curse
Miscellaneous
 D - a phantom mirror


   Skills:
 - Level 4.7 Fighting
 + Level 1.6 Armour
 - Level 1.5 Dodging
 - Level 1.5 Stealth
 - Level 10.7 Spellcasting
 - Level 8.6 Conjurations
 - Level 0.6 Fire Magic
 - Level 9.0 Air Magic
 - Level 5.2 Poison Magic


You had 7 spell levels left.
You knew the following spells:

 Your Spells              Type           Power        Failure   Level  Hunger
a - Shock                 Conj/Air       ####         1%          1    N/A
b - Swiftness             Chrm/Air       #####...     1%          2    N/A
c - Mephitic Cloud        Conj/Pois/Air  ######..     1%          3    N/A
d - Airstrike             Air            ######....   1%          4    N/A
e - Inner Flame           Hex/Fire       ###.....     4%          3    N/A
f - Conjure Flame         Conj/Fire      #####...     1%          3    N/A
q - Static Discharge      Conj/Air       ######..     1%          3    N/A
s - Lightning Bolt        Conj/Air       ######....   1%          5    N/A

Your spell library contained the following spells:

 Spells                   Type           Power        Failure   Level  Hunger
 Irradiate                Conj/Tmut      #####.....   7%          5    N/A
 Magic Dart               Conj           ####         1%          1    N/A
 Blink                    Tloc           N/A          9%          2    N/A
 Call Imp                 Summ           ##......     9%          2    N/A
 Slow                     Hex            ##......     9%          2    N/A

Dungeon Overview and Level Annotations

Branches:
Dungeon (11/15)            Temple (1/1) D:5            Lair (1/6) D:11
    Orc (0/2) D:11

Altars:
Ashenzari
Cheibriados
Dithmenos
Elyvilon
Fedhas
Gozag
Hepliaklqana
Kikubaaqudgha
Makhleb
Nemelex Xobeh
Okawaru
Qazlal
Ru
Sif Muna
Trog
Uskayaw
Vehumet
Wu Jian
Xom
Yredelemnul
Zin
The Shining One

Shops:
D:6 (

Annotations:
D:6 2 transporters, grocchini's ghost, novice MfSk


Innate Abilities, Weirdness & Mutations

You do not eat or drink.
Your flesh is vulnerable to fire.
You are immune to poison.
Your flesh is cold resistant. (rC+)
You are immune to negative energy. (rN+++)
You are immune to unholy pain and torment.
You can survive without breathing.


Message History

The sun demon is almost dead.
The sun demon hits you but does no damage.
You barely miss the sun demon.
The sun demon is almost dead.
The sun demon barely misses you.
You hit the sun demon but do no damage.
The sun demon is almost dead.
The sun demon hits you.
You are engulfed in flames!
You barely miss the sun demon.
The sun demon is almost dead.
The sun demon hits you.
You are engulfed in flames!
You closely miss the sun demon.
The sun demon is almost dead.
The sun demon hits you!
You are engulfed in flames!!
* * * LOW HITPOINT WARNING * * *
As you read the scroll of summoning, it crumbles to dust.
Wisps of shadow whirl around you... The sun demon hits you!
* * * LOW HITPOINT WARNING * * *
You are engulfed in flames!!
You die...

##≈≈§§## ≈ §≈ ##≈≈§§≈≈## §≈≈≈
#≈≈§..§§≈# §§.. ##.!)..###
$!$≈§ ###)[!## )$.≈ #.#∩#.#
#.≈ ##.##### ### #§§##
##########.##### ###..
#..######..N3@E9.§.....###..##
###........≈§≈≈§.§≈.......####
###.....§§≈≈≈≈§§≈§....###
##...§§§≈§§≈§§≈≈≈≈....#
#...§§§§≈§≈≈≈≈≈§....##
##...§§§§≈≈≈≈§§≈≈.§§.#
##....≈≈§§§≈≈≈≈....##
##...§≈§≈§≈≈....###
......§......#.## ###


You could see a sun demon, a friendly salamander, a friendly fire elemental and
a friendly molten gargoyle.

Vanquished Creatures
  Gastronok (D:8)
  2 two-headed ogres
  A hell knight (Volcano)
  Psyche (D:7)
  2 gargoyles
  A red devil (Volcano)
  A hornet (D:9)
  A troll (D:10)
  Grinder (D:3)
  A polar bear (D:8)
  2 hippogriffs
  A shadow (D:11)
  A spriggan (D:7)
  A vampire (D:11)
  3 wyverns
  Grum (D:8)
  2 hell hounds (Volcano)
  Duvessa (D:5)
  A hornet zombie (D:7)
  5 orc warriors
  3 sky beasts
  A necrophage (D:8)
  4 ice beasts
  9 ogres
  4 wolves
  8 centaurs
  A crocodile (Lair:1)
  2 big kobolds
  3 bullfrogs
  Dowan (D:5)
  A water moccasin zombie (D:6)
  A scorpion (D:7)
  A water moccasin skeleton (D:7)
  6 killer bees
  10 wights
  3 howler monkeys (D:11)
  3 jellies
  5 crimson imps
  2 quasits
  A bullfrog zombie (D:6)
  4 hounds
  5 orc priests
  A bullfrog skeleton (D:9)
  An iguana (D:11)
  Natasha (thrice) (D:4 D:3)
  9 orc wizards
  6 worker ants
  A killer bee zombie (D:8)
  A centaur simulacrum (D:8)
  2 worker ant zombies
  6 gnolls
  A howler monkey skeleton (D:9)
  8 adders
  4 shadow imps
  A white imp (D:6)
  An ooze (D:5)
  A worm (D:4)
  A dart slug (D:3)
  3 leopard geckos
  44 orcs
  5 giant cockroaches
  9 goblins
  6 hobgoblins
  9 jackals
  17 kobolds
  4 quokkas
  6 bats
  7 frilled lizards
  A goblin skeleton (D:6)
  3 goblin zombies (D:6)
  3 hobgoblin zombies (D:6)
  A kobold zombie (D:6)
  4 rats
  A butterfly (D:5)
278 creatures vanquished.

Vanquished Creatures (others)
  4 toadstools (D:7)
4 creatures vanquished.

Grand Total: 282 creatures vanquished

Notes
Turn   | Place    | Note
-------+----------+-------------------------------------------
     0 | D:1      | snowfan the Mummy Air Elementalist began the quest for the
                  | Orb.
     0 | D:1      | Reached XP level 1. HP: 13/13 MP: 4/4
   198 | D:1      | Reached skill level 1 in Conjurations
   514 | D:1      | Reached XP level 2. HP: 12/19 MP: 0/5
  2116 | D:2      | Found a shattered altar of Ashenzari.
  2184 | D:2      | Reached XP level 3. HP: 24/24 MP: 2/7
  3243 | D:3      | Found a glowing silver altar of Zin.
  3243 | D:3      | Found an opulent altar of Gozag.
  3497 | D:3      | Found a radiant altar of Vehumet.
  3534 | D:3      | Became a worshipper of Vehumet
  3769 | D:3      | Found a faded altar of an unknown god.
  3784 | D:3      | Noticed Grinder
  3895 | D:3      | Killed Grinder
  3895 | D:3      | Reached XP level 4. HP: 18/30 MP: 0/8
  3895 | D:3      | Reached XP level 5. HP: 21/35 MP: 0/9
  4128 | D:4      | Noticed an ogre
  4174 | D:4      | Learned a level 2 spell: Swiftness
  4178 | D:4      | Learned a level 3 spell: Static Discharge
  4233 | D:4      | Reached XP level 6. HP: 32/41 MP: 3/10
  4362 | D:4      | Noticed Natasha
  4364 | D:4      | Killed Natasha
  4449 | D:4      | Noticed Natasha
  4461 | D:4      | Killed Natasha
  4994 | D:4      | Noticed Natasha
  5009 | D:4      | Found a sacrificial altar of Ru.
  5031 | D:3      | Killed Natasha
  5054 | D:3      | Reached skill level 3 in Spellcasting
  5852 | D:5      | Entered Level 5 of the Dungeon
  5968 | D:5      | Noticed Duvessa
  5968 | D:5      | Noticed Dowan
  6000 | D:5      | Found a staircase to the Ecumenical Temple.
  6011 | D:5      | Killed Duvessa
  6011 | D:5      | Reached skill level 5 in Air Magic
  6011 | D:5      | Reached XP level 7. HP: 28/46 MP: 1/11
  6113 | D:5      | Killed Dowan
  6422 | Temple   | Entered the Ecumenical Temple
  6640 | D:5      | Learned a level 4 spell: Airstrike
  7422 | D:4      | Reached skill level 5 in Conjurations
  7654 | D:4      | Reached skill level 1 in Fighting
  7808 | D:6      | Reached XP level 8. HP: 50/54 MP: 0/12
  7906 | D:6      | Found a glowing golden altar of the Shining One.
  8001 | D:6      | Reached * piety under Vehumet
  8001 | D:6      | Offered knowledge of Sandblast by Vehumet.
  8012 | D:6      | Found a transporter.
  8046 | D:6      | Found a transporter.
  8046 | D:6      | Noticed grocchini's ghost (novice MfSk)
  8060 | D:6      | Noticed a hornet
  8551 | D:6      | Found a glowing golden altar of the Shining One.
  9192 | D:6      | Found Gasmeodo's Weapon Shop.
  9231 | D:7      | Noticed a hippogriff
  9267 | D:7      | Found an ornate altar of the Wu Jian Council.
  9556 | D:7      | Reached ** piety under Vehumet
  9556 | D:7      | Reached XP level 9. HP: 45/64 MP: 0/13
  9670 | D:7      | Offered knowledge of Sting by Vehumet.
 10006 | D:7      | Got a faintly glowing flail
 10007 | D:7      | Identified the +6 flail of the Fray {speed, *Rage Str+4
                  | Int+6} (You found it on level 7 of the Dungeon)
 10607 | D:8      | Noticed Grum
 10821 | D:8      | Reached skill level 4 in Spellcasting
 11016 | D:7      | Learned a level 5 spell: Lightning Bolt
 11098 | D:8      | Noticed a polar bear
 11368 | D:8      | Offered knowledge of Mephitic Cloud by Vehumet.
 11846 | D:8      | Found an ancient bone altar of Kikubaaqudgha.
 12283 | D:8      | Reached *** piety under Vehumet
 12624 | D:8      | Killed Grum
 12624 | D:8      | Reached XP level 10. HP: 59/73 MP: 3/16
 12725 | D:8      | Noticed Psyche
 13523 | D:8      | Reached skill level 5 in Spellcasting
 13529 | D:8      | Learned a level 3 spell: Mephitic Cloud
 13848 | D:7      | Killed Psyche
 13848 | D:7      | Reached skill level 1 in Poison Magic
 14088 | D:9      | Reached skill level 6 in Spellcasting
 14324 | D:9      | Noticed Gastronok
 14324 | D:9      | Noticed a two-headed ogre
 14876 | D:8      | Killed Gastronok
 14876 | D:8      | Reached skill level 8 in Spellcasting
 15224 | D:8      | Killed a two-headed ogre
 15365 | D:9      | Noticed a two-headed ogre
 15490 | D:9      | Offered knowledge of Inner Flame by Vehumet.
 15569 | D:8      | Learned a level 3 spell: Inner Flame
 16367 | D:9      | Killed a two-headed ogre
 16367 | D:9      | Reached XP level 11. HP: 77/78 MP: 6/23
 16372 | D:9      | Learned a level 3 spell: Conjure Flame
 16635 | D:9      | Found an iron altar of Okawaru.
 16819 | D:9      | Found a snail-covered altar of Cheibriados.
 16858 | D:10     | Entered Level 10 of the Dungeon
 17360 | D:10     | Reached **** piety under Vehumet
 17443 | D:10     | Offered knowledge of Irradiate by Vehumet.
 17462 | D:10     | Reached skill level 5 in Poison Magic
 18145 | D:10     | Identified the +6 short sword "Raint" {venom, *Drain +Blink
                  | +Fly Str+4}
 19204 | D:11     | Reached skill level 9 in Spellcasting
 19227 | D:11     | Noticed a fire dragon
 19428 | D:11     | Found a staircase to the Orcish Mines.
 20300 | D:11     | Reached skill level 10 in Spellcasting
 20623 | D:11     | Found a staircase to the Lair.
 20680 | Lair:1   | Entered Level 1 of the Lair of Beasts
 20684 | Lair:1   | Found a dark tunnel.
 20693 | Volcano  | Entered a volcano
 20832 | Volcano  | Noticed a hell knight
 20840 | Volcano  | Killed a hell knight
 21095 | Volcano  | Noticed a sun demon
 21101 | Volcano  | Reached skill level 1 in Armour
 21131 | Volcano  | Mangled by a sun demon

Skill      XL: |  1  2  3  4  5  6  7  8  9 10 11 |
---------------+----------------------------------+-----
Conjurations   | 1 3 4 5 6 7 8 |  8.6
Air Magic      | 3 4 5 7 8 9 |  9.0
Spellcasting   | 3 4 8 10 | 10.7
Fighting       | 1 3 4 |  4.7
Poison Magic   | 4 5 |  5.2
Armour         | 1 |  1.6
Dodging        | |  1.5
Stealth        | |  1.5
Fire Magic     | |  0.6

Action                   |  1- 3 |  4- 6 |  7- 9 | 10-12 || total
-------------------------+-------+-------+-------+-------++-------
Melee: Club              |    11 |       |       |       ||    11
       Unarmed           |     1 |       |       |       ||     1
       Quarterstaff      |       |     3 |    33 |       ||    36
       Flail             |       |       |     5 |    59 ||    64
Throw: Stone             |       |       |       |     5 ||     5
 Cast: Shock             |   101 |    42 |   164 |    27 ||   334
       Swiftness         |       |     4 |     3 |     1 ||     8
       Airstrike         |       |       |    49 |   121 ||   170
       Static Discharge  |       |       |    40 |    29 ||    69
       Lightning Bolt    |       |       |     1 |    65 ||    66
       Mephitic Cloud    |       |       |       |    30 ||    30
       Conjure Flame     |       |       |       |     6 ||     6
       Inner Flame       |       |       |       |     1 ||     1
  Use: Scroll            |       |       |    19 |     9 ||    28
 Stab: Confused          |       |       |       |     1 ||     1
Armor: Robe              |    12 |     9 |    68 |    68 ||   157
       Leather armour    |       |       |       |     1 ||     1
Dodge: Dodged            |    13 |    31 |   120 |    92 ||   256
